[Event "*** Titled Tuesday 3|2 Blitz (Early)"]
[Site "Chess.com"]
[Date "2017.01.03"]
[Round "6"]
[White "amurdercastle"]
[Black "Vrolijk"]
[Result "0-1"]
[WhiteElo "2374"]
[BlackElo "2278"]
[TimeControl "180+2"]
[EndTime "12:20:59 PST"]
[Termination "Vrolijk won by resignation"]

1. d4 Nf6 2. c4 e6 3. Nf3 d5 4. g3 Be7 5. Bg2 O-O 6. O-O dxc4 7. Qc2 a6 8. Qxc4 b5 9. Qc2 Bb7 10. Bd2 Be4 11. Qc1 c6 12. Be3 Nbd7 13.
Nc3 Bg6 14. Rd1 Rc8 15. Ne5 Bh5 16. Nxc6 Qe8 17. Qd2 Bd6 18. Rac1 Nb6 19. Ne4 Nxe4 20. Bxe4 Nc4 21. Qc3 Bxe2 22. Re1 Bg4 23. d5 f5 24. Bg2 e5 25. f3 Bh5 26. b3 Nxe3 27. Qxe3 e4 28.
fxe4 f4 29. Qd4 f3 30. Bxf3 Bxf3 31. e5 Ba3 32. Rc2 Qg6 33. Rf2 Rxc6 34. dxc6 Qxc6 35. b4 a5 36. e6 Bxb4 37. e7 Re8 38. Qd3 Bxe1 39. Rxf3 Qc5+ 40. Kf1 Qxe7 41. Qd5+ Kh8 42. Rf7 Qe2+ 43. Kg1 Bd2 44. Rf3 Be3+ 45. Kh1 Bb6 46.
Qf7 h6 47. Qf5 Qd2 48. Rf1 Qe3 49. Rf3 Qe1+ 50. Rf1 Qe4+ 51. Qxe4 Rxe4 52. Rf8+ Kh7 53. Rb8 Bc5 54. Rxb5 Bb4 55. a3 Bxa3 56. Rxa5 Bb4 57. Ra2 Bd6 58. Kg2 Be5 59. Ra5 Bf6 60. Kh3 Rb4 61.
Rd5 Kg6 62. Ra5 Kf7 63. Ra6 Re4 64. Rc6 Re5 65. Ra6 Kg6 66. Rc6 Kf5 67. Ra6 Rd5 68. Ra4 Rd4 69. Ra5+ Ke4 70. Ra8 Ke3 71. Ra2 Rd2 72.
Ra3+ Kf2 73. Kg4 Kg2 74. h4 Rd4+ 75. Kh5 Rc4 76. g4 Rc5+ 77. Kg6 Bxh4 78. Kxg7 Bg5 79.
Kg6 Re5 80. Rb3 Re3 81. Rb4 Kg3 82. Kh5 Rf3 83. Ra4 Kh3 84. Rb4 Kg2 85. Rb2+ Kg3 86.
Rb4 Re3 87. Rc4 Kf2 88. Ra4 Ke1 89. Ra2 Rh3+ 90. Kg6 Kf1 91. Rc2 Kg1 92. Ra2 Rh2 93. Ra1+ Kg2 94. Ra3 Rh3 95. Ra2+ Kg3 96. Kf5 Kh4 97.
Rg2 Rf3+ 98. Kg6 Rg3 99. Rh2+ Kxg4 100. Kf7 h5 101. Ke6 h4 102. Ke5 h3 103. Ke4 Rg2 104. Rh1 h2 105. Kd3 Kg3 0-1

[Event "*** Titled Tuesday 3|2 Blitz (Early)"]
[Site "Chess.com"]
[Date "2017.01.03"]
[Round "6"]
[White "1e41-0"]
[Black "IMprovidence"]
[Result "1-0"]
[WhiteElo "2320"]
[BlackElo "2205"]
[TimeControl "180+2"]
[EndTime "12:21:25 PST"]
[Termination "1e41-0 won on time"]

1. e4 c5 2. Nf3 g6 3. c3 Nf6 4. e5 Nd5 5. d4 cxd4 6. cxd4 Bg7 7. Nc3 Nxc3 8. bxc3 d6 9. exd6 Qxd6 10. Be2 O-O 11. O-O Nc6 12. Re1 Bf5 13. Qb3 b6 14. Ba3 Qc7 15. Bb5 Bf6 16. Bxc6 Qxc6 17. Bxe7 Bxe7 18.
Rxe7 Be6 19. Qa3 a5 20. Ne5 Qe4 21. Nd7 Kg7 22. Qd6 Rad8 23. Qe5+ Qxe5 24. Nxe5 Rc8 25. Rb7 Rxc3 26. Rxb6 Bxa2 27. h3 Rc2 28. Ra6 Rb8 29.
Rxa5 Rbb2 30. Nd3 Rb1+ 31. Rxb1 Bxb1 32. Ne5 Rd2 33. Nf3 Rd1+ 34. Kh2 Be4 35. Ra4 Bxf3 36.
gxf3 Kf6 37. Kg3 Kf5 38. Ra7 Ke6 39. Ra6+ Ke7 40. Ra7+ Ke6 41. Ra6+ Ke7 42. Ra4 Ke6 43.
Rb4 h6 44. Kf4 Rh1 45. Rb6+ Kd5 46. Kg3 Kxd4 47. Rf6 Rg1+ 48. Kh2 Rf1 49. Kg2 Ra1 50.
Rxf7 Ke5 51. Re7+ Kf6 52. Re4 g5 53. h4 Ra3 54. hxg5+ hxg5 55. Rb4 Kf5 56. Rb5+ Kf4 57. Rb8 Rc3 58. Rf8+ Ke5 59. Kg3 Rc4 60. Rg8 Kf5 61. Rf8+ Ke5 62. Rf7 Rb4 63. Rc7 Kf5 64. Rc5+ Kf6 65.
Ra5 Rc4 66. Ra3 Rb4 67. Re3 Kf5 68. Re8 Rc4 69. Rf8+ Ke5 70. Re8+ Kf5 71. Re4 Rxe4 72. fxe4+ Kxe4 73. Kg4 Ke5 74. Kxg5 Ke6 75. f4 Kf7 76. Kf5 Ke7 77. Kg6 Kf8 78. Kf6 Ke8 79. Kg7 Ke7 80. f5 1-0

[Event "*** Titled Tuesday 3|2 Blitz (Early)"]
[Site "Chess.com"]
[Date "2017.01.03"]
[Round "6"]
[White "ABDELAZEEZ-M"]
[Black "SwiftyMcBishop"]
[Result "1-0"]
[WhiteElo "2051"]
[BlackElo "2109"]
[TimeControl "180+2"]
[EndTime "12:21:42 PST"]
[Termination "ABDELAZEEZ-M won by checkmate"]

1. d4 d5 2. Bf4 Nf6 3. e3 Bf5 4. Nf3 e6 5. Ne5 Nbd7 6. Be2 Nxe5 7. dxe5 Nd7 8. g4 Bg6 9. h3 Be7 10. Nc3 c6 11. Qd2 Nc5 12. O-O-O Ne4 13. Nxe4 dxe4 14.
Qxd8+ Rxd8 15. h4 h5 16. g5 Bf5 17. Rxd8+ Kxd8 18. Rd1+ Kc7 19. f3 g6 20. Rd4 exf3 21.
Bxf3 Rd8 22. Rxd8 Kxd8 23. e4 Bh3 24. Be3 b6 25. Be2 Kc7 26. Bd3 Bb4 27. c3 Be7 28. Kd1 Kb7 29. Ke1 Bg4 30. Kd2 a6 31. a3 c5 32. b4 cxb4 33. cxb4 a5 34. bxa5 bxa5 35. Bb5 Bxa3 36. Be8 Bb4+ 37. Kd3 Be1 38. Bxf7 a4 39. Bxg6 Bxh4 40. Bh7 Bg3 41. Bd4 Bf4 42. g6 Bh6 43. Bg8 h4 44. Bf2 h3 45. Bg3 Kb6 46. Kc4 Ka5 47. Bf7 Be2+ 48. Kc3 Bg4 49.
Be8 Bg7 50. Bc6 Bd1 51. Bd7 Bb3 52. Bh2 Kb6 53. Kb4 Bf8+ 54. Kc3 Kc7 55. Bb5 Bd1 56.
Bf1 a3 57. Bxh3 Kd7 58. Bf1 Bg7 59. Bc4 Bf8 60. Bf4 Bf3 61. Kd3 Bh5 62. Bb5+ Kc7 63. Bc4 Kd7 64. Bb5+ Kd8 65. Bc4 Ke7 66. Bg5+ Kd7 67. Bb5+ Kc7 68. Bc4 Bg4 69. Bf6 Bh5 70.
g7 Bxg7 71. Bxg7 Bg4 72. Bf8 Kc6 73. Bxa3 Bh3 74. Kd4 Bg4 75. Ke3 Bh3 76. Kf4 Kd7 77.
Kg5 Bg2 78. Kf6 Bxe4 79. Bxe6+ Kd8 80. Bf7 Bc6 81. e6 Kc7 82. e7 Kb6 83. e8=Q Bxe8 84. Bxe8 Ka5 85. Ke5 Kb6 86. Kd5 Kc7 87. Ba4 Kb7 88.
Kd6 Kb6 89. Bb4 Kb7 90. Kd7 Kb6 91. Bc6 Ka6 92. Kc7 Ka7 93. Bb5 Ka8 94. Kb6 Kb8 95. Bd7 Ka8 96. Bc5 Kb8 97. Bd6+ Ka8 98. Bc6# 1-0

[Event "*** Titled Tuesday 3|2 Blitz (Early)"]
[Site "Chess.com"]
[Date "2017.01.03"]
[Round "6"]
[White "aspired"]
[Black "pastouche06"]
[Result "1-0"]
[WhiteElo "2393"]
[BlackElo "2339"]
[TimeControl "180+2"]
[EndTime "12:22:54 PST"]
[Termination "aspired won on time"]

1. e4 c6 2. Nf3 d5 3. exd5 cxd5 4.
Ne5 g6 5. d4 Bg7 6. c3 Nf6 7. Bd3 O-O 8. Nd2 Nc6 9. f4 Bf5 10. Qe2 e6 11. O-O Bxd3 12. Qxd3 Nd7 13. Nxd7 Qxd7 14. Nf3 f6 15. Bd2 Rae8 16. Rae1 Re7 17.
Re2 Rfe8 18. Rfe1 Qd6 19. g3 e5 20. fxe5 fxe5 21. dxe5 Nxe5 22. Nxe5 Rxe5 23. Rxe5 Rxe5 24.
Rxe5 Bxe5 25. Be3 a6 26. Bd4 Bxd4+ 27. Qxd4 Qe6 28. Kf2 h5 29. h4 Kh7 30. a4 Qf5+ 31.
Ke3 Qb1 32. b4 Qe1+ 33. Kf4 Qe6 34. a5 Qg4+ 35. Ke5 Qxg3+ 36. Kxd5 Qf3+ 37. Ke5 Qf7 38. Ke4 Qe6+ 39. Kf3 Qh3+ 40. Kf2 Qh2+ 41. Ke1 Qh1+ 42. Kd2 Qg2+ 43. Kc1 Qc6 44. Kb2 Qg2+ 45. Kb3 Qc6 46. Qe5 Qd7 47. Qf6 Qd5+ 48. Ka3 Qc4 49. Qe7+ Kh6 50.
Qg5+ Kh7 51. Qe7+ Kh6 52. Qg5+ Kh7 53. Kb2 Qe2+ 54. Kb3 Qe6+ 55. c4 Qe4 56. b5 axb5 57. cxb5 Qd3+ 58. Kb2 Qe2+ 59. Kc3 Qf3+ 60. Kd4 Qf2+ 61.
Kd5 Qa2+ 62. Kc5 Qxa5 63. Qe7+ Kh6 64. Qg5+ Kh7 65. Qe7+ Kh6 66. Qg5+ Kh7 67. Qe7+ Kh6 68.
Qxb7 Qc3+ 69. Kd6 Qd4+ 70. Qd5 Qxh4 71. b6 Qf4+ 72. Qe5 Qb4+ 73. Kc7 Qc4+ 74. Kd7 Qb4 75.
Kc7 Qc4+ 76. Kd7 Qf7+ 77. Kc6 Qc4+ 78. Kd7 Qf7+ 79. Kc8 Qc4+ 80. Kb8 Qg8+ 81. Ka7 Qa2+ 82.
Kb8 Qg8+ 83. Kc7 Qc4+ 84. Kd6 Qb4+ 85. Qc5 Qf4+ 86. Kc6 h4 87. b7 h3 88. Qd6 Qc4+ 89.
Kb6 Qb3+ 90. Kc7 Qc4+ 91. Kd8 Qg8+ 92. Kd7 Qf7+ 93. Kc6 Qc4+ 94. Kb6 Qb3+ 95. Ka6 Qa4+ 96. Kb6 Qb3+ 97. Kc6 Qc4+ 98. Qc5 Qe6+ 99. Kb5 Qb3+ 100. Qb4 Qd5+ 101. Kb6 Qe6+ 102. Ka5 Qa2+ 103. Qa4 Qd5+ 104. Qb5 Qa2+ 105. Kb6 Qe6+ 106. Qc6 1-0

[Event "*** Titled Tuesday 3|2 Blitz (Early)"]
[Site "Chess.com"]
[Date "2017.01.03"]
[Round "7"]
[White "AdamHunt1"]
[Black "MFBerna"]
[Result "1-0"]
[WhiteElo "2378"]
[BlackElo "2188"]
[TimeControl "180+2"]
[EndTime "12:26:59 PST"]
[Termination "AdamHunt1 won by resignation"]

1. e4 c5 2. Nc3 e6 3. Qe2 Nc6 4.
g3 Nd4 5. Qd1 d6 6. Bg2 Ne7 7. Nce2 Nec6 8. Nf4 Ke7 9. c3 Nb5 10.
Nge2 Ke8 11. O-O Be7 12. d4 cxd4 13. cxd4 Bd7 14. d5 Ne5 15. dxe6 fxe6 16. Bh3 Nc7 17. Qb3 Kf7 18. Nd4 Bf6 19. Ndxe6 Nxe6 20. Nxe6 Bxe6 21. Bxe6+ Ke8 22. Bf4 Qb6 23. Qa4+ Ke7 24. Bxe5 Bxe5 25. Qd7+ 1-0

[Event "*** Titled Tuesday 3|2 Blitz (Early)"]
[Site "Chess.com"]
[Date "2017.01.03"]
[Round "7"]
[White "Saitama_Hero"]
[Black "macko06"]
[Result "0-1"]
[WhiteElo "2166"]
[BlackElo "2289"]
[TimeControl "180+2"]
[EndTime "12:27:40 PST"]
[Termination "macko06 won by resignation"]

1. Nf3 Nf6 2. c4 e6 3. g3 d5 4. Bg2 Be7 5. O-O O-O 6. b3 b6 7. Ba3 c5 8. d4 cxd4 9. Nxd4 Bb7 10.
Bxe7 Qxe7 11. cxd5 Nxd5 12. e4 Nf6 13. Qe2 Nc6 14.
Nxc6 Bxc6 15. Nd2 Rac8 16. Rfe1 Rfd8 17. Nc4 Bb5 18. Rac1 Rc7 19. e5 Nd5 20. Red1 Bxc4 21. Rxc4 Rcd7 22. Rcd4 Nc3 0-1

[Event "*** Titled Tuesday 3|2 Blitz (Early)"]
[Site "Chess.com"]
[Date "2017.01.03"]
[Round "7"]
[White "Ilja_Semjonovs"]
[Black "jup1978"]
[Result "1-0"]
[WhiteElo "2173"]
[BlackElo "2234"]
[TimeControl "180+2"]
[EndTime "12:27:43 PST"]
[Termination "Ilja_Semjonovs won by resignation"]

1. d4 Nf6 2. Nf3 e6 3. Bg5 h6 4. Bxf6 Qxf6 5. e3 c5 6. c3 cxd4 7. cxd4 Bb4+ 8. Nc3 O-O 9. Bd3 b6 10.
Be4 d5 11. Bd3 Ba6 12. Ne5 Rc8 13. Rc1 Bxd3 14. Qxd3 Nc6 15. f4 Nxe5 16. fxe5 Qh4+ 17. g3 Qh3 18. Qf1 Qh5 19. Qe2 Qh3 20. Rf1 Bxc3+ 21.
Rxc3 Rxc3 22. bxc3 Rc8 23. Kd2 Qh5 24. Qxh5 1-0

[Event "*** Titled Tuesday 3|2 Blitz (Early)"]
[Site "Chess.com"]
[Date "2017.01.03"]
[Round "7"]
[White "FlySooHigh"]
[Black "ChessWarrior7197"]
[Result "1-0"]
[WhiteElo "2466"]
[BlackElo "2476"]
[TimeControl "180+2"]
[EndTime "12:27:55 PST"]
[Termination "FlySooHigh won by resignation"]

1. e4 c5 2. Nf3 d6 3. Nc3 Nf6 4. e5 dxe5 5. Nxe5 Nbd7 6. d4 cxd4 7.
Qxd4 e6 8. Bb5 a6 9. Bxd7+ Nxd7 10. Bf4 Bc5 11. Qd3 Qb6 12. O-O-O Nxe5 13. Bxe5 Bxf2 14. Bxg7 Qe3+ 15. Kb1 Qxd3 16. Rxd3 Rg8 17. Bf6 Bd7 18. Rhd1 Rg6 19. Ne4 1-0

[Event "*** Titled Tuesday 3|2 Blitz (Early)"]
[Site "Chess.com"]
[Date "2017.01.03"]
[Round "7"]
[White "Mischuk_D"]
[Black "Izoria123"]
[Result "0-1"]
[WhiteElo "2465"]
[BlackElo "2418"]
[TimeControl "180+2"]
[EndTime "12:28:07 PST"]
[Termination "Izoria123 won by resignation"]

1. d4 d6 2. e4 g6 3. Nc3 Bg7 4.
f4 a6 5. Nf3 b5 6. a3 Nd7 7.
Be3 Bb7 8. Qd2 Ngf6 9. e5 Nd5 10.
Nxd5 Bxd5 11. Be2 e6 12. O-O O-O 13. c3 c5 14. exd6 c4 15. Ne5 Nf6 16. Bf3 Qxd6 17. Bf2 Bxf3 18. Nxf3 Nd5 19. Bg3 Qb6 20. Kh1 a5 21. Ne5 Rfc8 22. Qe2 h5 23. Bh4 b4 24. axb4 axb4 25. Rxa8 Rxa8 26. Qxc4 bxc3 27. bxc3 Qb2 28. Qc6 Ra1 29. Qc4 Ne3 30. Qc8+ Kh7 0-1

[Event "*** Titled Tuesday 3|2 Blitz (Early)"]
[Site "Chess.com"]
[Date "2017.01.03"]
[Round "7"]
[White "IIIlllII1llIl"]
[Black "IMprovidence"]
[Result "1-0"]
[WhiteElo "2418"]
[BlackElo "2201"]
[TimeControl "180+2"]
[EndTime "12:28:16 PST"]
[Termination "IIIlllII1llIl won on time"]

1. e4 c5 2. c3 Nf6 3. e5 Nd5 4. Nf3 d6 5. Bc4 e6 6. d4 cxd4 7. cxd4 Be7 8. Qe2 O-O 9. O-O b6 10.
Bd2 Bb7 11. Nc3 Nxc3 12. Bxc3 Nd7 13. Rfd1 Rc8 14. d5 exd5 15. Bxd5 Bxd5 16. Rxd5 Qc7 17.
exd6 Bxd6 18. Qd1 1-0

[Event "*** Titled Tuesday 3|2 Blitz (Early)"]
[Site "Chess.com"]
[Date "2017.01.03"]
[Round "7"]
[White "Quiet_Desperation"]
[Black "rst2003"]
[Result "1/2-1/2"]
[WhiteElo "2357"]
[BlackElo "2124"]
[TimeControl "180+2"]
[EndTime "12:28:21 PST"]
[Termination "Game drawn by repetition"]

1. e4 c5 2. Nf3 d6 3. d4 cxd4 4.
Nxd4 Nf6 5. Nc3 g6 6. Be3 Bg7 7.
Bc4 Nc6 8. f3 O-O 9. Qd2 Bd7 10.
O-O-O Ne5 11. Bb3 Rc8 12. h4 h5 13. Bg5 Rc5 14. Kb1 b5 15. g4 hxg4 16. h5 Rxc3 17.
bxc3 Nxf3 18. Nxf3 Nxe4 19. Qe3 Nxc3+ 20. Kc1 gxf3 21.
Qxf3 Qa5 22. hxg6 Nxa2+ 23. Kb1 Nc3+ 24. Kc1 Na2+ 25. Kb1 Nc3+ 26. Kc1 Na2+ 27. Kb1 1/2-1/2

[Event "*** Titled Tuesday 3|2 Blitz (Early)"]
[Site "Chess.com"]
[Date "2017.01.03"]
[Round "7"]
[White "Maitreia"]
[Black "ABDELAZEEZ-M"]
[Result "0-1"]
[WhiteElo "2442"]
[BlackElo "2066"]
[TimeControl "180+2"]
[EndTime "12:29:07 PST"]
[Termination "ABDELAZEEZ-M won by resignation"]

1. c4 c5 2. Nc3 Nc6 3. g3 g6 4.
Bg2 Bg7 5. Nf3 e5 6. d3 d6 7. a3 a5 8. Rb1 Nge7 9. Nd2 O-O 10. Nf1 Be6 11. Ne3 f5 12. Ned5 h6 13. O-O Kh7 14.
Bd2 Rb8 15. Qa4 Nd4 16. Nxe7 Qxe7 17. e3 Nc6 18. Nd5 Qd8 19. b4 axb4 20. axb4 Bxd5 21.
Bxd5 Ne7 22. Bg2 f4 23. exf4 exf4 24. Bxf4 Rxf4 25. gxf4 Nf5 26. bxc5 dxc5 27. Rxb7 Rxb7 28. Bxb7 Qxd3 29. Bd5 Nd4 30. Qe8 Nf3+ 31. Bxf3 Qxf3 32. Qe3 Qg4+ 33. Qg3 Qe6 34. Rc1 Bd4 35. Kg2 h5 36. Rb1 Qe4+ 37. Qf3 Qxb1 38. Qb7+ Qxb7+ 0-1

[Event "*** Titled Tuesday 3|2 Blitz (Early)"]
[Site "Chess.com"]
[Date "2017.01.03"]
[Round "7"]
[White "BjarkeSahl"]
[Black "pedromartinez91"]
[Result "1-0"]
[WhiteElo "2252"]
[BlackElo "2314"]
[TimeControl "180+2"]
[EndTime "12:29:11 PST"]
[Termination "BjarkeSahl won by resignation"]

1. e4 d6 2. d4 e5 3. Nf3 Nd7 4. Nc3 Ngf6 5. Bc4 Be7 6. O-O O-O 7. a4 c6 8. Ba2 Qc7 9. Re1 b6 10. h3 a6 11. Nh4 g6 12. Nf3 Bb7 13. Bh6 exd4 14. Qxd4 Rfd8 15. Ng5 Ne5 16. f4 c5 17.
Qxe5 dxe5 18. Bxf7+ Kh8 19. Ne6 Bf8 20. Nxc7 Bxh6 21.
Nxa8 Bxf4 22. Nxb6 Bc6 23. Bd5 Be8 24. Nc4 Nh5 25.
Ne2 Bh6 26. g3 Nf6 27. Rad1 Rb8 28. b3 Bd7 29. Kg2 Kg7 30. Rf1 Be8 31. Ng1 Rd8 32.
Nf3 Nxd5 33. Rxd5 Rxd5 34. exd5 e4 35. Nfe5 e3 36. Re1 e2 37. Rxe2 1-0

[Event "*** Titled Tuesday 3|2 Blitz (Early)"]
[Site "Chess.com"]
[Date "2017.01.03"]
[Round "7"]
[White "Pierrebl"]
[Black "162a54f5d"]
[Result "1-0"]
[WhiteElo "2479"]
[BlackElo "2385"]
[TimeControl "180+2"]
[EndTime "12:29:20 PST"]
[Termination "Pierrebl won by resignation"]

1. e4 d6 2. d4 Nf6 3. Nc3 e5 4. f3 Nbd7 5. Nge2 Be7 6. Be3 O-O 7. g4 c6 8. Qd2 b5 9. Ng3 b4 10. Nce2 d5 11. g5 Ne8 12. Nf5 dxe4 13.
fxe4 exd4 14. Nexd4 Ne5 15. O-O-O c5 16. Ne6 Bxe6 17.
Qxd8 Bxd8 18. Bxc5 Bxg5+ 19. Kb1 a5 20. Rg1 h6 21. h4 Bxf5 22. hxg5 Be6 23. gxh6 g6 24.
h7+ Kxh7 25. Bxf8 Nf6 26. Bd6 Ned7 27. Bb5 Kg7 28. e5 Nh5 29. Be2 Nf4 30. Bf3 Rc8 31. Be4 Nh3 32. Rg2 Nf4 33. Rgd2 Nc5 34. Bf3 a4 35. Be7 g5 36. Bxg5 Ng6 37. Bf6+ Kh6 38. Rh1+ 1-0

[Event "*** Titled Tuesday 3|2 Blitz (Early)"]
[Site "Chess.com"]
[Date "2017.01.03"]
[Round "7"]
[White "HK1974"]
[Black "cassoulet"]
[Result "0-1"]
[WhiteElo "2172"]
[BlackElo "2292"]
[TimeControl "180+2"]
[EndTime "12:29:44 PST"]
[Termination "cassoulet won by resignation"]

1. e4 c5 2. Nc3 Nc6 3. Nf3 d6 4. Bb5 Bd7 5. Bxc6 Bxc6 6. d4 cxd4 7. Qxd4 Nf6 8. Bg5 e6 9. O-O-O Be7 10. Kb1 Qa5 11. h4 O-O-O 12. Qd3 Kb8 13. Nd4 Be8 14. f4 h6 15. Bxf6 Bxf6 16. f5 Bd7 17. Nb3 Qc7 18.
fxe6 Bxc3 19. exd7 Be5 20. Nd2 Rxd7 21. Nc4 Rhd8 22. Ne3 Qb6 23. c3 Rc8 24. Nc4 Qb5 25. Ne3 Qxd3+ 26. Rxd3 Re8 27. Rhd1 Bf4 28. Nf5 g6 29.
Nxd6 Red8 30. e5 Bxe5 31. Nc4 Rxd3 32. Rxd3 Rxd3 33. Nxe5 Rd2 34. Nxf7 Rxg2 35. Ne5 Kc7 0-1

[Event "*** Titled Tuesday 3|2 Blitz (Early)"]
[Site "Chess.com"]
[Date "2017.01.03"]
[Round "7"]
[White "petrpalachev"]
[Black "1e41-0"]
[Result "1-0"]
[WhiteElo "2415"]
[BlackElo "2314"]
[TimeControl "180+2"]
[EndTime "12:29:45 PST"]
[Termination "petrpalachev won by resignation"]

1. d3 d5 2. Nf3 Nc6 3. Nbd2 e5 4. g3 Be6 5. e4 Nf6 6. Bg2 Bc5 7. O-O O-O 8. a4 a6 9. c3 Qd7 10. Qe2 Rad8 11. b4 dxe4 12. dxe4 Bd6 13. Nc4 Rfe8 14. Bg5 Bxc4 15. Qxc4 Qe6 16. Qe2 h6 17.
Bc1 Qg4 18. Re1 Qg6 19. Nh4 Qh7 20. Nf5 Ne7 21. Nxd6 cxd6 22. b5 a5 23. Ba3 Nc8 24. c4 b6 25. Rad1 Rd7 26. Bh3 Rc7 27. Bxd6 Nxd6 28.
Rxd6 h5 29. Rxb6 Ng4 30. Bxg4 hxg4 31. Rc1 Rec8 32. Qxg4 f6 33. Qe6+ Kh8 34. Qd5 Rc5 35.
Qxc5 Rxc5 36. Rb8+ Qg8 37. Rxg8+ Kxg8 38. b6 Kf7 39. b7 1-0

[Event "*** Titled Tuesday 3|2 Blitz (Early)"]
[Site "Chess.com"]
[Date "2017.01.03"]
[Round "7"]
[White "NewBornNow"]
[Black "Corpescador"]
[Result "1-0"]
[WhiteElo "2572"]
[BlackElo "2440"]
[TimeControl "180+2"]
[EndTime "12:30:31 PST"]
[Termination "NewBornNow won on time"]

1. d4 d5 2. c4 c6 3. Nf3 Nf6 4. Nc3 a6 5. c5 Bg4 6. Ne5 Bf5 7. Qb3 Ra7 8. e3 Nbd7 9. Bd3 Bg6 10. Nxg6 hxg6 11. e4 e5 12. Be3 exd4 13. Bxd4 Bxc5 14.
Bxf6 Qxf6 15. O-O-O d4 16. Ne2 Qxf2 17. Rhf1 Qe3+ 18. Kb1 O-O 19. Nf4 Ne5 20. Qc2 Bb4 21.
a3 g5 22. Nh3 g4 23. Nf4 g5 24. Nh5 Be7 25. Rfe1 1-0

[Event "*** Titled Tuesday 3|2 Blitz (Early)"]
[Site "Chess.com"]
[Date "2017.01.03"]
[Round "7"]
[White "Morshynska"]
[Black "stefanodinn"]
[Result "1-0"]
[WhiteElo "2101"]
[BlackElo "2199"]
[TimeControl "180+2"]
[EndTime "12:30:35 PST"]
[Termination "Morshynska won on time"]

1. Nf3 d5 2. g3 c6 3. Bg2 Bg4 4.
h3 Bh5 5. O-O Nd7 6. d4 e6 7.
Nbd2 Ngf6 8. c4 Be7 9. b3 O-O 10.
Bb2 a5 11. a3 Qb6 12. g4 Bg6 13. Nh4 Rfd8 14. Nxg6 hxg6 15. Qc2 g5 16. Kh1 c5 17. cxd5 exd5 18. Qf5 cxd4 19. f4 g6 20. Qd3 gxf4 21.
Rxf4 Bd6 22. Bxd4 Nc5 23. Rxf6 1-0

[Event "*** Titled Tuesday 3|2 Blitz (Early)"]
[Site "Chess.com"]
[Date "2017.01.03"]
[Round "7"]
[White "Dlugy"]
[Black "Krutoy123"]
[Result "1-0"]
[WhiteElo "2689"]
[BlackElo "2485"]
[TimeControl "180+2"]
[EndTime "12:30:36 PST"]
[Termination "Dlugy won by resignation"]

1. d4 Nf6 2. Bf4 g6 3. Nc3 Bg7 4. e4 d6 5. Qd2 a6 6. Bh6 O-O 7. Bxg7 Kxg7 8. O-O-O b5 9. f3 b4 10. Nce2 a5 11. h4 h5 12. Ng3 c6 13. Bd3 Qc7 14.
Qg5 Rh8 15. N1e2 a4 16. Nf5+ Kf8 17. Nxd6 Qxd6 18. e5 Qd8 19. exf6 exf6 20. Qc5+ Qe7 21. Qxe7+ Kxe7 22. Rhe1 Rd8 23. c3 bxc3 24. bxc3 Kf8 25. Kc2 Na6 26. Rb1 Nc7 27. c4 Ne6 28. Kc3 a3 29.
Rb6 Bd7 30. Be4 Rdc8 31. Rb7 Be8 32. g4 hxg4 33. fxg4 Nd8 34. Rb6 Ne6 35. Bf3 Kg7 36. Rb7 Kf8 37. Rd1 Kg7 38. c5 Nd8 39. Rb6 Rc7 40. Rdb1 Re7 41. Kd2 Bd7 42. Rb8 Rxb8 43. Rxb8 Re8 44. Ra8 Rh8 45. Nf4 g5 46. hxg5 fxg5 47.
Nh5+ Kg6 48. Be4+ f5 49. Bd3 Be6 50. Ng3 Kf7 51. Nxf5 1-0

[Event "*** Titled Tuesday 3|2 Blitz (Early)"]
[Site "Chess.com"]
[Date "2017.01.03"]
[Round "7"]
[White "SwiftyMcBishop"]
[Black "alturas_pacificas"]
[Result "0-1"]
[WhiteElo "2099"]
[BlackElo "2027"]
[TimeControl "180+2"]
[EndTime "12:30:45 PST"]
[Termination "alturas_pacificas won by checkmate"]

1. e4 e5 2. Nf3 Nf6 3. Nxe5 d6 4.
Nf3 Nxe4 5. Nc3 Nxc3 6. dxc3 Be7 7. Be3 Nd7 8. Qd2 Ne5 9. O-O-O O-O 10. h4 a5 11. h5 Bg4 12. Be2 Be6 13. Kb1 a4 14. h6 g6 15. Qd4 Bf6 16. Qf4 a3 17. b3 Ng4 18. Nd4 Nxe3 19. fxe3 Qe7 20. Qe4 d5 21. Qf3 Rae8 22. g4 Bg5 23. Bd3 c5 24. Nf5 Qf6 25.
Rdf1 Qxc3 26. Ng7 Qb2# 0-1

[Event "*** Titled Tuesday 3|2 Blitz (Early)"]
[Site "Chess.com"]
[Date "2017.01.03"]
[Round "7"]
[White "PowerThinking2650"]
[Black "Divertissement"]
[Result "0-1"]
[WhiteElo "2274"]
[BlackElo "2461"]
[TimeControl "180+2"]
[EndTime "12:30:46 PST"]
[Termination "Divertissement won by resignation"]

1. e4 c6 2. d4 d5 3. exd5 cxd5 4.
Bd3 Nc6 5. c3 Qc7 6. Ne2 e5 7.
dxe5 Nxe5 8. O-O Bd6 9. Bc2 Nf6 10. Bg5 Bg4 11. Bxf6 gxf6 12. f3 Be6 13. Nd4 O-O-O 14. Kh1 a6 15. Nd2 Rhg8 16. Nf5 Bxf5 17. Bxf5+ Kb8 18.
Re1 Rg5 19. Bh3 Nd3 20. Re2 Nf4 21. Rf2 Rdg8 22. Bg4 h5 23. h4 R5g7 24. Bf5 Bc5 25.
Rf1 Rxg2 0-1

[Event "*** Titled Tuesday 3|2 Blitz (Early)"]
[Site "Chess.com"]
[Date "2017.01.03"]
[Round "7"]
[White "Marreuh"]
[Black "FrankieJay"]
[Result "0-1"]
[WhiteElo "2092"]
[BlackElo "2273"]
[TimeControl "180+2"]
[EndTime "12:30:51 PST"]
[Termination "FrankieJay won by resignation"]

1. e4 c5 2. c3 Nf6 3. e5 Nd5 4.
d4 cxd4 5. cxd4 Nc6 6. Nf3 d6 7. Bc4 Nb6 8. Bb3 d5 9. Nh4 e6 10. Nf3 Be7 11. O-O O-O 12. Nc3 f6 13. a3 Bd7 14. Qd3 g6 15. Bh6 Rf7 16. Nb5 a6 17.
exf6 Rxf6 18. Nc3 Rf5 19. Bc2 Bd6 20. Rfe1 Rxf3 21. Qxf3 Nxd4 22. Qd1 Nxc2 23. Qxc2 Qh4 24. Be3 Qxh2+ 25. Kf1 Nc4 26. g3 Nxe3+ 27. Rxe3 Qh1+ 28. Ke2 Qxa1 29. Nb1 Bb5+ 30. Ke1 Bf8 31. Rc3 d4 32. Rc5 0-1

[Event "*** Titled Tuesday 3|2 Blitz (Early)"]
[Site "Chess.com"]
[Date "2017.01.03"]
[Round "7"]
[White "Firebullet"]
[Black "Holden-Caulfield"]
[Result "0-1"]
[WhiteElo "2291"]
[BlackElo "2457"]
[TimeControl "180+2"]
[EndTime "12:31:11 PST"]
[Termination "Holden-Caulfield won by checkmate"]

1. d4 d6 2. c4 Nf6 3. Nc3 Nbd7 4.
e4 e5 5. d5 Nc5 6. f3 Be7 7.
Be3 Nh5 8. Qd2 h6 9. O-O-O Bg5 10.
Nge2 Bxe3 11. Qxe3 Qg5 12. Qxg5 hxg5 13. g4 Nf4 14.
Nxf4 exf4 15. h3 Nd7 16. Nb5 Kd8 17. Nd4 Ne5 18. Be2 Ke7 19. Kd2 g6 20. b4 Bd7 21.
Rc1 c5 22. dxc6 Bxc6 23. Kc3 f6 24. Kb3 Bd7 25. Rh2 Rac8 26. a4 Be6 27. a5 a6 28. Rc2 Rc7 29. Rh1 Bd7 30. Rc3 Rhc8 31. Rhc1 Be6 32. Bf1 Bf7 33. Be2 Nd7 34. Bf1 b5 35.
axb6 Nxb6 36. Be2 Rb7 37. Ka3 Nd7 38. c5 dxc5 39. bxc5 Ne5 40. Ka4 Rcb8 41. Ka3 Rb4 42. Rd1 a5 43. c6 Be8 44. Ka2 Bf7+ 45. Ka3 Be8 46. Ka2 Ra4+ 47. Ra3 Bf7+ 48. Ka1 Rxa3# 0-1

[Event "*** Titled Tuesday 3|2 Blitz (Early)"]
[Site "Chess.com"]
[Date "2017.01.03"]
[Round "7"]
[White "kleinebeer98"]
[Black "AlexanderL"]
[Result "0-1"]
[WhiteElo "1740"]
[BlackElo "2572"]
[TimeControl "180+2"]
[EndTime "12:31:16 PST"]
[Termination "AlexanderL won by resignation"]

1. e4 e6 2. d4 d5 3. Nd2 c5 4. Ngf3 cxd4 5. exd5 Qxd5 6. Bc4 Qd6 7.
O-O Nf6 8. Nb3 Nc6 9. Nbxd4 Nxd4 10. Nxd4 a6 11. Re1 Be7 12. Bf1 O-O 13. g3 e5 14.
Nb3 Qxd1 15. Rxd1 Bg4 16. Re1 Bd6 17. Bg2 Rab8 18. Be3 e4 19. Bd4 Bf3 20. Bxf3 exf3 21. Bxf6 gxf6 22. Re3 Rfe8 23. Rxf3 Re2 24. Nd4 Rd2 25.
Rd3 Rxd3 26. cxd3 Be5 27. Nf3 Rd8 28. d4 Bxd4 29. Kg2 Bxb2 30. Rb1 Be5 31. Rxb7 Rd3 32.
Rb3 Rd5 33. Nh4 Kf8 34. Kf3 Ra5 35. a3 Bd6 36. Ke4 f5+ 37. Kd4 Be7 38. Nf3 Rxa3 39. Rxa3 Bxa3 40. Nh4 f4 41. gxf4 Bc1 42. Kc5 Bxf4 43.
Kb6 Bxh2 44. Kxa6 Bg1 45. f3 Bf2 46. Nf5 h5 47. Kb5 h4 48. Nh6 h3 49. Ng4 Bg3 0-1